 Dungeon Crawl Stone Soup version 0.31.0-11-ge490571c62 (webtiles) character file.

Game seed: 10874836800188059813

0 qw the Shooter (level 1, -1/10 HPs)
             Began as a Spriggan Hunter on Feb 4, 2024.
             Slain by a kobold
             ... wielding a +0 club
              (4 damage)
             ... on level 1 of the Dungeon.
             The game lasted 00:00:00 (53 turns).

qw the Shooter (Spriggan Hunter)                      Turns: 53, Time: 00:00:00

Health: -1/10      AC:  2    Str:  7    XL:     1   Next: 8%
Magic:  2/2        EV: 18    Int: 10    God:
Gold:   0          SH:  0    Dex: 18    Spells: 0/0 levels left

rFire   . . .        a - +0 shortbow
rCold   . . .        (shield currently unavailable)
rNeg    . . .        c - +0 robe
rPois   .            (helmet restricted)
rElec   .            (no cloak)
rCorr   .            (gloves unavailable)
SInv    +            (boots unavailable)
Will    .....        (no amulet)
Stlth   ++           (no ring)
HPRegen 0.21/turn    (no ring)
MPRegen 0.08/turn

%: no passive effects
@: very quick
A: very small, no large weapons, unfitting armour, see invisible, speed 3
a: no special abilities


You were on level 1 of the Dungeon.
You visited 1 branch of the dungeon, and saw 1 of its levels.


Innate Abilities, Weirdness & Mutations

You are very small and have problems with some larger weapons.
You are too small for most types of armour.
You have supernaturally acute eyesight. (SInv)
You cover ground extremely quickly. (Speed+++)


   Skills:
 - Level 1.5 Fighting
 - Level 4.0 Ranged Weapons
 + Level 2.8 Dodging
 - Level 1.5 Stealth


You couldn't memorise any spells.
You didn't know any spells.
Your spell library was empty.

Inventory:

Hand Weapons
 a - a +0 shortbow (weapon)
Armour
 c - a +0 robe (worn)
 d - a scarf of invisibility
Scrolls
 b - a scroll of butterflies

Dungeon Overview and Level Annotations

Branches:
Dungeon (1/15)

Altars:


Message History

Welcome, qw the Spriggan Hunter.
Below lies the Orb of Zot, rumoured to be powerful enough to resurrect a god...
Press ? for a list of commands and other information.
Found 5 stones.
Found an escape hatch in the floor.
Found a staircase leading out of the dungeon.
Waypoint 0 assigned to D:1.
0 ||| PLANNING D:1-11
Found 5 stones.
A rat comes into view.
You shoot an arrow. The arrow hits the rat.
You kill the rat!
d - a scarf of invisibility A kobold and a goblin come into view.
The goblin shouts!
The kobold shouts!
The kobold throws a stone.
The stone barely misses you.
You shoot an arrow.
The arrow hits the kobold but does no damage.
You shoot an arrow.
The arrow hits the kobold but does no damage.
The kobold barely misses you.
You shoot an arrow. The arrow closely misses the kobold.
A hobgoblin comes into view.
The kobold barely misses you.
You shoot an arrow. The arrow barely misses the kobold.
The goblin barely misses you. The kobold hits you with a +0 club.
You shoot an arrow. The arrow closely misses the kobold.
The goblin barely misses you. The kobold completely misses you.
The kobold misses you. The goblin misses you.
You shoot an arrow. The arrow hits the kobold.
The kobold is moderately wounded.
The goblin hits you with a +0 dagger. The kobold misses you.
You shoot an arrow. The arrow hits the kobold.
The kobold is heavily wounded.
The goblin hits you with a +0 dagger. The kobold closely misses you.
You shoot an arrow.
The arrow hits the kobold but does no damage.
The kobold is heavily wounded.
The goblin closely misses you. The kobold hits you with a +0 club.
You die...

############...#.##
##.....# #...#.#
#####.# #.# #.# #
#.# #.###########.#
#gg@..........#
#.K############ #..
#.. #.. ..# ###


You could see a hobgoblin, a goblin and a kobold.

Vanquished Creatures
  A rat (D:1)
1 creature vanquished.

Notes
Turn   | Place    | Note
-------+----------+-------------------------------------------
     0 | D:1      | qw the Spriggan Hunter began the quest for the Orb.
     0 | D:1      | Reached XP level 1. HP: 10/10 MP: 2/2
     0 | D:1      | 0 ||| qw: Version: 0.3-a-160-g6735b56
     0 | D:1      | 0 ||| qw: Game counter: 5282
     0 | D:1      | 0 ||| qw: Melee chars always use a shield: true
     0 | D:1      | 0 ||| qw: God list: Okawaru
     0 | D:1      | 0 ||| qw: Allow faded altars: false
     0 | D:1      | 0 ||| qw: Do Orc after clearing Dungeon:15 true
     0 | D:1      | 0 ||| qw: Do second Lair branch before Depths: true
     0 | D:1      | 0 ||| qw: Lair rune preference: random
     0 | D:1      | 0 ||| qw: Goals: Normal
     0 | D:1      | 0 ||| PLANNING D:1-11
    53 | D:1      | Slain by a kobold

Levels and vault maps discovered:
D:1:      lemuel_arrival_lava_pool, layout_loops_ring

Action                     || total
---------------------------++-------
   Fire: Shortbow          ||     9
 Armour: Robe              ||     4
  Dodge: Dodged            ||    11

Table legend:
 A = Non-vault XP
 B = Vault XP
 C = Vault XP percentage of total XP
 D = Non-vault monster count
 E = Vault monster count
 F = Vault count percentage of total count
                 A         B        C        D         E       F
            +---------+---------+-------+---------+---------+-------
      Total |       1 |       0 |   0.0 |       1 |       0 |   0.0
            +---------+---------+-------+---------+---------+-------
        D:1 |       1 |       0 |   0.0 |       1 |       0 |   0.0
            +---------+---------+-------+---------+---------+-------
